 Dungeon Crawl Stone Soup version 0.17-a0-2007-g96ac4c4 (webtiles) character file.

602 Ordine the Skirmisher (level 7, -4/79 HPs)
             Began as an Octopode Fighter on Oct 9, 2015.
             Was a Follower of Dithmenos.
             Slain by an ice beast (6 damage)
             ... on level 5 of the Dungeon.
             The game lasted 00:23:50 (4643 turns).

Ordine the Skirmisher (Octopode Fighter)            Turns: 4643, Time: 00:23:51

Health: -4/79      AC:  1    Str: 20    XL:     7   Next: 41%
Magic:  0/7        EV: 10    Int: 16    God:    Dithmenos [*.....]
Gold:   112        SH:  9    Dex: 13    Spells: 0 memorised, 6 levels left

rFire  + . .     SeeInvis .     a - +1 long sword
rCold  + . .     Clarity  .     b - +0 shield
rNeg   . . .     SustAt   +     (helmet restricted)
rPois  +         Gourm    .     w - amulet of guardian spirit
rElec  +         Spirit   +     l - ring of sustain attributes
rCorr  +         Warding  .     A - ring of stealth
rMut   .         Stasis   .     (no ring)
MR     .....                    (no ring)
Stlth  ..........               (no ring)
                                (no ring)
                                (no ring)
                                (no ring)

@: brilliant, berserking, resistant, wreathed by umbra, very quick, not
resistant to hostile enchantments, extremely unstealthy
A: almost no armour, amphibious, 8 rings, constrict 8, tentacle spike 1,
camouflage 1, blink, poison resistance, gelatinous body 1
a: Blink, Renounce Religion


You were on level 5 of the Dungeon.
You worshipped Dithmenos.
Dithmenos was aware of your devotion.
You were not hungry.

You visited 2 branches of the dungeon, and saw 6 of its levels.

You collected 276 gold pieces.
You spent 164 gold pieces at shops.

Inventory:

Hand Weapons
 a - a +1 long sword (weapon)
 i - a +2 dagger of speed
Missiles
 e - 79 stones
 s - a javelin (quivered)
 v - 12 poisoned needles
Armour
 b - a +0 shield (worn)
Jewellery
 l - a ring of sustain attributes (left tentacle)
 r - an uncursed amulet of warding
 t - an uncursed amulet of regeneration
 w - an amulet of guardian spirit (around mantle)
 A - a ring of stealth (right tentacle)
Scrolls
 g - 3 scrolls of identify
 j - 2 scrolls of blinking
 n - 2 scrolls of magic mapping
 o - a scroll of remove curse
 p - 2 scrolls of recharging
 y - a scroll of silence
 z - a scroll of amnesia
Potions
 c - a potion of might
 f - 2 potions of haste
 k - 3 potions of curing
Books
 u - a book of the Sky

   Spells                             Type                      Level
   a - Summon Lightning Spire         Summoning/Air                4
   b - Airstrike                      Air                          4
   c - Silence                        Hexes/Air                    5
   d - Deflect Missiles               Charms/Air                   6
   e - Conjure Ball Lightning         Conjuration/Air              6
   f - Tornado                        Air                          9
Comestibles
 d - 4 bread rations
 h - a beef jerky
 m - a slice of pizza
 q - 2 meat rations


   Skills:
 + Level 6.4 Fighting
 + Level 5.5 Long Blades
 - Level 3.0 Dodging
 - Level 3.0 Shields


You had 6 spell levels left.
You didn't know any spells.

Dungeon Overview and Level Annotations

Branches:
Dungeon (5/15)             Temple (1/1) D:4

Altars:
Ashenzari
Cheibriados
Dithmenos
Elyvilon
Kikubaaqudgha
Nemelex Xobeh
Ru
Sif Muna
Trog
Vehumet
Yredelemnul
Zin
The Shining One

Shops:
D:5 ?


Innate Abilities, Weirdness & Mutations

You cannot wear most types of armour.
You are amphibious.
You can wear up to eight rings at the same time.
You can use your tentacles to constrict eight enemies at once.
Your skin changes colour to match your surroundings (Stealth).
Your rubbery body absorbs attacks (AC +1).
One of your tentacles bears a spike.
You can translocate small distances at will.
Your system is resistant to poisons.


Message History

Drink which item? (? for menu, Esc to quit)
You feel better. The shadow imp hits you. The ice beast hits you.
* * * LOW HITPOINT WARNING * * *
The ice beast freezes you. You resist.
* * * LOW HITPOINT WARNING * * *
Drink which item? (? for menu, Esc to quit)
You're too hungry to go berserk.
Eat which item? (? for menu, Esc to quit)
The shadow imp hits you.
* * * LOW HITPOINT WARNING * * *
The ice beast hits you but does no damage.
That beef jerky was delicious!
Drink which item? (? for menu, Esc to quit)
A red film seems to cover your vision as you go berserk!
You feel yourself moving faster!
You feel mighty! The shadow imp hits you.
* * * LOW HITPOINT WARNING * * *
The ice beast hits you.
* * * LOW HITPOINT WARNING * * *
The ice beast freezes you! You resist.
You die...

#...#....# #.###.#####....
.........# #.# #...# ##.#.
#....####### ###################.
#..#####(..###........####.......
#..# ##[....##...#......##.######
#..# #.......#...##.....##.# #..#
#.......'...##......#.######
##.###.......#...####............
#...##...[.##..@# ######..#####
#...###...###.5Y# w.5# #..#
#...####### #...# ....Z #.##
#........####..(#...... #.#
##..##......##...'.!(Z.. #.# ##
.....##.....##...#...(.. #.. ..
##...##......#...##...(( ### ##
.....####.......(# #...# ##
.....# ########### #### #.#####


You could see an ice beast and a shadow imp.

Vanquished Creatures
  An ogre (D:4)
  A scorpion (D:5)
  A killer bee (D:5)
  A giant frog zombie (D:5)
  5 orc priests (D:4)
  Natasha (thrice) (D:3)
  A shadow imp (D:5)
  9 adders
  An ooze (D:5)
  5 worms
  3 giant geckos
  11 orcs
  9 bats
  7 goblins
  7 hobgoblins
  14 jackals
  2 quokkas
  3 giant cockroaches
  2 giant newts
  A jackal skeleton (D:4)
  10 kobolds
  6 rats
103 creatures vanquished.

Notes
Turn   | Place    | Note
--------------------------------------------------------------
     0 | D:1      | Ordine the Octopode Fighter began the quest for the Orb.
     0 | D:1      | Reached XP level 1. HP: 16/16 MP: 1/1
   190 | D:1      | Reached XP level 2. HP: 13/21 MP: 2/2
   723 | D:2      | Reached XP level 3. HP: 12/26 MP: 3/3
  1375 | D:2      | Reached XP level 4. HP: 33/33 MP: 4/4
  1496 | D:2      | Reached skill level 4 in Fighting
  1743 | D:2      | Found a shadowy altar of Dithmenos.
  1828 | D:2      | Found a shattered altar of Ashenzari.
  1947 | D:3      | Found a glowing silver altar of Zin.
  2202 | D:3      | Noticed Natasha
  2207 | D:3      | Killed Natasha
  2207 | D:3      | Reached XP level 5. HP: 30/38 MP: 5/5
  2227 | D:2      | Became a worshipper of Dithmenos the Shadowed
  2248 | D:3      | Gained mutation: One of your tentacles bears a spike. [potion of mutation]
  2248 | D:3      | Gained mutation: You can translocate small distances at will. [potion of mutation]
  2248 | D:3      | Gained mutation: Your system is resistant to poisons. [potion of mutation]
  2343 | D:3      | Found a bloodstained altar of Trog.
  2766 | D:3      | Noticed Natasha
  2771 | D:3      | Killed Natasha
  3075 | D:3      | Noticed Natasha
  3079 | D:3      | Killed Natasha
  3113 | D:4      | Reached skill level 5 in Fighting
  3125 | D:4      | Reached XP level 6. HP: 45/45 MP: 6/6
  3250 | D:4      | Noticed an ogre
  3259 | D:4      | Killed an ogre
  3372 | D:4      | Found a staircase to the Ecumenical Temple.
  3386 | Temple   | Entered the Ecumenical Temple
  3758 | D:4      | Found a sacrificial altar of Ru.
  3906 | D:4      | Reached skill level 5 in Long Blades
  3908 | D:4      | Reached skill level 6 in Fighting
  3908 | D:4      | Reached XP level 7. HP: 32/52 MP: 7/7
  4032 | D:5      | Entered Level 5 of the Dungeon
  4421 | D:5      | Found Ytishuq's Magic Scroll Boutique.
  4434 | D:5      | Bought a scroll of identify for 22 gold pieces
  4434 | D:5      | Bought a scroll of silence for 82 gold pieces
  4434 | D:5      | Bought a scroll of identify for 22 gold pieces
  4434 | D:5      | Bought a scroll of amnesia for 38 gold pieces
  4643 | D:5      | HP: 3/79 [shadow imp (6)]
  4643 | D:5      | Slain by an ice beast

Vault maps used:
D:1:      saegor_arrival_simple_b
D:2:      nicolae_overflow_hidden_temple, lemuel_doored_altar, first_bread
D:3:      bloody_trog, zin_statuary, serial_bayou_lake_a, uniq_natasha
D:4:      nicolae_overflow_crystal_walls, minmay_temple_entry_purple_smoke,
          serial_forest, infiniplex_forest_clump_long,
          infiniplex_forest_clump_small, infiniplex_forest_straight_2,
          infiniplex_forest_clump_medium, infiniplex_forest_clump_small,
          infiniplex_forest_clump_small, infiniplex_forest_clump_medium
D:5:      minmay_opposing_rooms, grunt_temple_overflow_forces_of_nature,
          gammafunk_temple_overflow_wave, serial_shops, nicolae_shop_waterfront
Temple:   nicolae_temple_figure_zero

Action                   |  1- 3 |  4- 6 |  7- 9 || total
-------------------------+-------+-------+-------++-------
Melee: Long sword        |    61 |       |    34 ||    95
       Dagger            |     8 |   149 |     2 ||   159
Throw: Stone             |       |     4 |     2 ||     6
       Javelin           |       |       |     5 ||     5
  Use: Scroll            |     2 |    12 |     4 ||    18
       Potion            |       |     1 |     5 ||     6
 Stab: Sleeping          |     2 |     7 |     2 ||    11
  Eat: Chunk             |     1 |     9 |     1 ||    11
       Beef jerky        |       |       |     1 ||     1
